 Dungeon Crawl Stone Soup version 0.29-a0-284-gf9362112df (webtiles) character file.

Game seed: 5601693847293493708

6 sizableburger the Skirmisher (level 1, -2/13 HPs)
             Began as a Deep Elf Fighter on Mar 24, 2022.
             Slain by a kobold
             ... wielding a +0 short sword
              (4 damage)
             ... on level 1 of the Dungeon.
             The game lasted 00:00:42 (314 turns).

sizableburger the Skirmisher (Deep Elf Fighter)      Turns: 314, Time: 00:00:43

Health: -2/13      AC:  6    Str: 11 (13) XL:     1   Next: 75%
Magic:  3/3        EV:  8    Int:  9 (12) God:
Gold:   48         SH:  4    Dex: 13 (14) Spells: 0/0 levels left

rFire   . . .      SeeInvis .   a - +0 rapier
rCold   . . .      Faith    .   c - +0 buckler
rNeg    . . .      Spirit   .   b - +0 scale mail
rPois   .          Reflect  .   (no helmet)
rElec   .          Harm     .   (no cloak)
rCorr   .          Rampage  .   (no gloves)
Will    .....                   (no boots)
Stlth   ..........              (no amulet)
HPRegen 0.04/turn               (no ring)
MPRegen 0.08/turn               (no ring)

@: about to teleport
A: no striking features
a: no special abilities


You were on level 1 of the Dungeon.
You visited 1 branch of the dungeon, and saw 1 of its levels.

You collected 48 gold pieces.

Inventory:

Hand Weapons
 a - a +0 rapier (weapon)
Armour
 b - a +0 scale mail (worn)
 c - a +0 buckler (worn)
Scrolls
 f - a scroll of identify {unknown}
 g - a scroll of torment {unknown}
Potions
 d - a potion of might


   Skills:
 + Level 2.6 Fighting
 + Level 2.3 Short Blades
 - Level 2.4 Armour
 - Level 2.4 Shields


You couldn't memorise any spells.
You didn't know any spells.
Your spell library was empty.

Dungeon Overview and Level Annotations

Branches:
Dungeon (1/15)

Altars:


Message History

The dart slug launches a dart at you.
The slug dart hits you but does no damage.
You puncture the dart slug!
You kill the dart slug!
No target in view!
Found a leather armour.
You now have 37 gold pieces (gained 10).
Found a stone staircase leading down.
You now have 48 gold pieces (gained 11).
A kobold comes into view. It is wielding a +0 short sword.
Found a spear.
The kobold shouts!
You hear a shout!
A goblin comes into view. It is wielding a +0 dagger.
The kobold hits you with a +0 short sword.
You are too injured to fight recklessly!
The kobold attacks as you move away! The kobold misses you.
You hit the kobold.
The kobold is moderately wounded.
The kobold hits you with a +0 short sword. x2
* * * LOW HITPOINT WARNING * * *
You closely miss the kobold.
The kobold is moderately wounded.
The kobold closely misses you.
You closely miss the kobold.
The kobold is moderately wounded.
The kobold hits you but does no damage.
Okay, then.
Okay, then.
It was a potion of degeneration.
There was something very wrong with that liquid.
You feel weakened.
You feel dopey.
You feel clumsy. The kobold barely misses you.
Okay, then.
The kobold attacks as you move away! The kobold hits you but does no damage.
As you read the scroll labelled WEZXYEVVUH, it crumbles to dust.
You feel strangely unstable.
It was a scroll of teleportation.
The kobold closely misses you. The kobold attacks as you move away!
The kobold hits you with a +0 short sword.
You die...

###.......###
............#
............#
......K...##########
........##.........#
.......).#g#....##.#
.........#.#.##.#
....g....#K#.# ..
........##@#.# ##
..#........#.#
#.#....#####.#
....... #.#
>.....#.# ......#.#
.......#.#
........#.#
...........#


You could see a goblin and a kobold.

Vanquished Creatures
  A dart slug (D:1)
  A ball python (D:1)
  A bat (D:1)
  A rat (D:1)
4 creatures vanquished.

Notes
Turn   | Place    | Note
-------+----------+-------------------------------------------
     0 | D:1      | sizableburger the Deep Elf Fighter began the quest for the
                  | Orb.
     0 | D:1      | Reached XP level 1. HP: 13/13 MP: 3/3
   314 | D:1      | Slain by a kobold

Illustrated notes

Levels and vault maps discovered:
D:1:      dpeg_arrival_rooms_with_view, layout_basic

Action                   || total
-------------------------++-------
Melee: Rapier            ||    22
  Use: Scroll            ||     1
       Potion            ||     1
Armor: Scale mail        ||    14
Dodge: Dodged            ||    14
Block: Buckler           ||     4

Table legend: (Time is in decaauts)
 A = Elapsed time spent in this place.
 B = Non-inter-level travel time spent in this place.
 C = Inter-level travel time spent in this place.
 D = Time resting spent in this place.
 E = Time spent auto-exploring this place.
 F = Levels seen in this place.
 G = Mean time per level.
                   A        B        C        D        E       F      G
               +--------+--------+--------+--------+--------+-----+--------+
         Total |    317 |    317 |      0 |    183 |     62 |   1 |  317.0 |
       Dungeon |    317 |    317 |      0 |    183 |     62 |   1 |  317.0 |
               +--------+--------+--------+--------+--------+-----+--------+

Top non-repeatable levels by time:
     D:1: 317 daAuts
